 Dungeon Crawl Stone Soup version 0.23-a0-275-g0cf4261 (webtiles) character file.

65 Faust the Grave Robber (level 3, -21/14 HPs)
             Began as a Felid Necromancer on Oct 2, 2018.
             Was an Initiate of Sif Muna.
             Demolished by an ogre
             ... wielding a +0 giant club
              (26 damage)
             ... on level 4 of the Dungeon.
             The game lasted 00:32:34 (4571 turns).

Faust the Grave Robber (Felid Necromancer)          Turns: 4571, Time: 00:32:35

Health: -21/14     AC:  1    Str:  4    XL:     3   Next: 94%
Magic:  3/8        EV: 18    Int: 17    God:    Sif Muna [......]
Gold:   138        SH:  0    Dex: 16    Spells: 3/8 levels left
                                        Lives:  0   Deaths: 1

rFire    . . .     SeeInvis +   (weapon unavailable)
rCold    + . .     Gourm    .   (shield unavailable)
rNeg     . . .     Faith    .   (armour unavailable)
rPois    .         Spirit   .   (helmet unavailable)
rElec    .         Reflect  .   (cloak unavailable)
rCorr    .         Harm     .   (gloves unavailable)
MR       .....                  (boots unavailable)
Stlth    +++.......             h - amulet of rage
HPRegen  0.04/turn              f - ring of protection from cold
MPRegen  0.11/turn              (no ring)

@: quick
A: very small, no armour, no weapons or thrown items, stealth, claws 1, fangs 3,
see invisible, carnivore, speed 1, shaggy fur 1, slow metabolism 1, sharp paws
a: Renounce Religion, Evoke Berserk Rage


You were on level 4 of the Dungeon.
You worshipped Sif Muna.
Sif Muna was noncommittal.
You were not hungry.

You visited 1 branch of the dungeon, and saw 4 of its levels.

You collected 138 gold pieces.

Inventory:

Jewellery
 f - a ring of protection from cold (left paw)
 h - an amulet of rage (around neck)
Potions
 a - a potion of agility {unknown}
 d - a potion of haste {unknown}
 e - a potion of brilliance {unknown}
Comestibles
 b - 5 rations


   Skills:
 + Level 2.7 Dodging
 + Level 3.1 Stealth
 + Level 3.1 Spellcasting
 + Level 5.5 Necromancy
 + Level 0.1 Evocations


You had 3 spell levels left.
You knew the following spells:

 Your Spells              Type           Power        Failure   Level  Hunger
a - Pain                  Necr           ###.         1%          1    None
b - Animate Skeleton      Necr           N/A          1%          1    None
c - Vampiric Draining     Necr           ###.......   5%          3    ###....

Your spell library contained the following spells:

 Spells                   Type           Power        Failure   Level  Hunger
 Regeneration             Chrm/Necr      ##........   17%         3    ###....
 Animate Dead             Necr           N/A          19%         4    ####...


Dungeon Overview and Level Annotations

Branches:
Dungeon (4/15)
 Temple: D:4-7

Altars:
Ru
Sif Muna


Innate Abilities, Weirdness & Mutations

You cannot wear armour.
You are incapable of wielding weapons or throwing items.
Your paws allow you to move quietly. (Stealth)
You have sharp claws.
You have razor-sharp teeth.
You have supernaturally acute eyesight. (SInv)
You are carnivorous and can eat meat at any time.
You cover ground quickly.
You are covered in fur. (AC +1)
You have a slow metabolism.
Your sharp claws are effective at attacking unaware monsters.


Message History

Casting: Pain (safe; 1% risk of failure)
Confirm with . or Enter, or press ? or * to list all spells.
Aiming: Pain (safe; 1% risk of failure)
Press: ? - help, Shift-Dir - straight line, f/p - ogre
Aim: an ogre, wielding a giant club (moderately wounded, chance to defeat MR: The ogre writhes in agony!
Casting: Pain (safe; 1% risk of failure)
Confirm with . or Enter, or press ? or * to list all spells.
Aiming: Pain (safe; 1% risk of failure)
Press: ? - help, Shift-Dir - straight line, f/p - ogre
Aim: an ogre, wielding a giant club (moderately wounded, chance to defeat MR: The ogre writhes in agony!
The ogre hits you with a giant club.
Casting: Pain (safe; 1% risk of failure)
Confirm with . or Enter, or press ? or * to list all spells.
Aiming: Pain (safe; 1% risk of failure)
Press: ? - help, Shift-Dir - straight line, f/p - ogre
Aim: an ogre, wielding a giant club (heavily wounded, chance to defeat MR: 80%)
The ogre writhes in agony!
The ogre hits you with a giant club!!
Ouch! That really hurt!
You die...

...... .###..
.... ...... ...
#...##
#.####....###
#...........#
#..........#
#..>.......#
###..........#
#.##.#.@O....#
#..#..........#
##.............
##.......>....
#.(..........
#...........#
#.(..........
#.....#####..
#.....#


You could see an ogre.

Vanquished Creatures
  2 worker ants (D:4)
  5 adders
  An ooze (D:1)
  A dart slug (D:2)
  A giant cockroach (D:3)
  7 goblins
  2 hobgoblins (D:1)
  2 jackals (D:1)
  2 ball pythons (D:1)
  2 bats (D:1)
  7 kobolds
  5 rats (D:1)
37 creatures vanquished.

Vanquished Creatures (collateral kills)
  A jackal (D:1)
  A ball python (D:3)
  2 goblins
  2 kobolds (D:3)
6 creatures vanquished.

Grand Total: 43 creatures vanquished

Notes
Turn   | Place    | Note
-------+----------+-------------------------------------------
     0 | D:1      | Faust the Felid Necromancer began the quest for the Orb.
     0 | D:1      | Reached XP level 1. HP: 7/7 MP: 4/4
    11 | D:1      | Learned a level 1 spell: Animate Skeleton
   536 | D:1      | Reached XP level 2. HP: 7/11 MP: 1/6
  2010 | D:1      | Reached XP level 3. HP: 14/14 MP: 7/7
  2015 | D:1      | Learned a level 3 spell: Vampiric Draining
  3287 | D:2      | Found a deep blue altar of Sif Muna.
  3298 | D:2      | Became a worshipper of Sif Muna the Loreminder
  3759 | D:3      | Reached skill level 5 in Necromancy
  3759 | D:3      | Reached XP level 4. HP: 18/18 MP: 9/9
  4282 | D:4      | Found a sacrificial altar of Ru.
  4554 | D:4      | Killed from afar by a shadow imp
  4555 | D:4      | Reached XP level 3. HP: -1/14 MP: 8/8
  4558 | D:4      | Noticed an ogre
  4571 | D:4      | Demolished by an ogre

Vault maps used:
D:1:      erik_arrival_cave_to_civilisation
D:2:      marbit_many_paths
D:4:      kennysheep_big_flooded_room, nicolae_ru_sacrificial_ziggurat,
          lemuel_coloured_pillars_altar, nicolae_overflow_crystal_walls,
          first_ration, uniq_natasha

Skill      XL: |  1  2  3  4 |
---------------+-------------+-----
Stealth        | 3 |  3.1
Necromancy     | 5 |  5.5
Spellcasting   | 3 |  3.1
Dodging        | |  2.7
Evocations     | |  0.1

Action                   |  1- 3 |  4- 6 || total
-------------------------+-------+-------++-------
Melee: Unarmed           |    13 |     5 ||    18
 Cast: Pain              |    42 |    18 ||    60
       Animate Skeleton  |    11 |     7 ||    18
 Abil: Evoke Berserk Rag |     1 |     1 ||     2
  Use: Scroll            |     4 |     3 ||     7
       Potion            |     1 |     1 ||     2
 Stab: Sleeping          |     5 |       ||     5
  Eat: Chunk             |    13 |     3 ||    16
Dodge: Dodged            |    21 |    19 ||    40

Table legend:
 A = Non-vault XP
 B = Vault XP
 C = Vault XP percentage of total XP
 D = Non-vault monster count
 E = Vault monster count
 F = Vault count percentage of total count
                 A         B        C        D         E       F
            +---------+---------+-------+---------+---------+-------
      Total |     178 |      14 |   7.3 |      42 |       1 |   2.3
            +---------+---------+-------+---------+---------+-------
        D:1 |      41 |       0 |   0.0 |      25 |       0 |   0.0
        D:2 |      32 |      14 |  30.4 |       5 |       1 |  16.7
        D:3 |      24 |       0 |   0.0 |       9 |       0 |   0.0
        D:4 |      81 |       0 |   0.0 |       3 |       0 |   0.0
            +---------+---------+-------+---------+---------+-------
